 Dungeon Crawl Stone Soup version 0.31-a0-851-g7ff8af7976 (webtiles) character file.

Game seed: 11007963145726916191

2662 Kurtz the Basher (level 9, 0/65 HPs)
             Began as a Mummy Delver on Oct 6, 2023.
             Was an Initiate of Gozag.
             Shot with a sling bullet by Joseph (5 damage)
             ... on level 7 of the Dungeon.
             The game lasted 00:12:28 (8292 turns).

Kurtz the Basher (Mummy Delver)                     Turns: 8292, Time: 00:12:28

Health: 0/65       AC: 12    Str: 15    XL:     9   Next: 36%
Magic:  9/9        EV: 10    Int:  9    God:    Gozag
Gold:   241        SH:  0    Dex: 18    Spells: 8/8 levels left

rFire   . . .        z - +3 war axe (freeze)
rCold   + + .        (no shield)
rNeg    + + +        b - +0 plate armour
rPois   ∞            (no helmet)
rElec   .            k - scarf {rC+ rF+}
rCorr   .            (no gloves)
SInv    .            v - +0 pair of boots
Will    +....        (no amulet) Stlth
                     p - +5 ring of evasion
HPRegen 0.30/turn    (no ring)
MPRegen 0.11/turn

%: faith
@: about to teleport, gold aura, studying Maces & Flails
A: cold resistance 1, negative energy resistance 3, torment resistance 2, heat
vulnerability 1, in touch with death 1, no potions, faith
a: Renounce Religion, Potion Petition, Call Merchant, Bribe Branch


You were on level 7 of the Dungeon.
You worshipped Gozag.
Gozag was aware of your devotion.
You visited 2 branches of the dungeon, and saw 8 of its levels.

You collected 1246 gold pieces.
You paid 1005 gold pieces to Gozag.

Inventory:

Hand Weapons
 a - a +0 mace
 q - a +1 whip of venom
 r - a +0 war axe
 x - a +4 halberd of draining
 z - a +3 war axe of freezing (weapon)
Missiles
 h - 8 boomerangs
 u - 4 poisoned darts (quivered)
Armour
 b - a +0 plate armour (worn)
 j - +0 steam dragon scales
 k - a scarf of resistance (worn)
 v - a +0 pair of boots (worn)
 y - +0 steam dragon scales
Jewellery
 p - a +5 ring of evasion (left hand)
Wands
 f - a wand of digging (3)
Scrolls
 c - a scroll of fog
 d - 2 scrolls of revelation
 e - a scroll of immolation {unknown}
 g - a scroll of vulnerability {unknown}
 i - 4 scrolls of enchant weapon {unknown}
 l - 5 scrolls of identify {unknown}
 m - 2 scrolls of poison {unknown}
 n - 2 scrolls of amnesia {unknown}
 o - a scroll of acquirement {unknown}
 s - 3 scrolls of noise {unknown}
 w - 2 scrolls of blinking {unknown}
 A - a scroll of fear


   Skills:
 - Level 4.0 Fighting
 * Level 1.3(7.8) Axes
 - Level 12.1 Maces & Flails
 - Level 2.7 Armour
 - Level 3.2 Dodging
 - Level 4.1 Stealth


You had 8 spell levels left.
You didn't know any spells.
Your spell library contained the following spells:

 Spells                   Type           Power      Damage    Failure   Level
 Freeze                   Ice            0%         1d3       100%        1
 Kiss of Death            Conj/Necr      0%         2d5       100%        1
 Static Discharge         Conj/Air       0%         2-2/arc   100%        2
 Confusing Touch          Hex            0%         N/A       100%        3
 Airstrike                Air            0%         2d(0-16)  100%        4
 Dispel Undead            Necr           0%         3d6       100%        4
 Summon Lightning Spire   Summ/Air       0%         N/A       100%        4
 Haunt                    Necr/Summ      0%         N/A       100%        7
 Borgnjor's Revivificati  Necr           Unusable   N/A       N/A         8
 Death's Door             Necr           Unusable   N/A       N/A         9

Dungeon Overview and Level Annotations

Branches:
Dungeon (7/15)             Temple (1/1) D:7

Altars:
Ashenzari
Cheibriados
Dithmenos
Fedhas
Gozag
Hepliaklqana
Kikubaaqudgha
Nemelex Xobeh
Okawaru
Qazlal
Ru
Trog
Uskayaw
Vehumet
Wu Jian

Shops:
D:4 =

Annotations:
D:2 exclusion: downstairs
D:4 exclusion: centaur
D:5 3 exclusions, Eustachio
D:7 Joseph
Temple 2 transporters


Innate Abilities, Weirdness & Mutations

You are immune to poison.
Your flesh is cold resistant. (rC+)
You are immune to negative energy. (rN+++)
You are immune to unholy pain and torment.
You are vulnerable to heat. (rF-)
You are in touch with the powers of death.
You do not drink.
You have a special connection with the divine. (Faith)


Message History

Throw: 5 darts (poison)
Press: ? - help, Q - select action, (/) - cycle Shift-Dir - straight line, f/p - Joseph
Aim: Joseph, wielding a +0 sling and wearing a +0 leather armour (poisoned, 60% to hit)
You throw a poisoned dart. The poisoned dart barely misses Joseph.
Unknown command.
Okay, then.
Joseph shoots a sling bullet.
The sling bullet closely misses you.
Joseph shoots a sling bullet.
The sling bullet hits you!
Joseph shoots a sling bullet.
The sling bullet hits you!
An orc comes into view. It is wielding a +0 rapier.
The orc shouts!
Joseph shoots a sling bullet.
The sling bullet barely misses you.
The orc wizard shouts!
The orc misses you.
You hit the orc but do no damage. The orc barely misses you.
You slash the orc! You freeze the orc.
You kill the orc!
You barely miss the orc wizard.
You punch the orc wizard, but do no damage.
The orc wizard hits you but does no damage.
Joseph shoots a sling bullet.
The sling bullet hits you!!
You slash the orc wizard! You freeze the orc wizard.
The orc wizard is almost dead.
The orc wizard hits you but does no damage.
Joseph shoots a sling bullet.
The sling bullet hits you but does no damage.
You hit the orc wizard. You freeze the orc wizard.
You kill the orc wizard!
Joseph shoots a sling bullet.
The sling bullet hits you!
* * * LOW HITPOINT WARNING * * *
Unknown command.
Joseph shoots a sling bullet.
The sling bullet barely misses you.
Items here: $ ( )) [[.
As you read the scroll labelled CEIBOE FAALEOR, it crumbles to dust.
You feel strangely unstable.
It was a scroll of teleportation.
Joseph shoots a sling bullet.
The sling bullet hits you!
* * * LOW HITPOINT WARNING * * *
Joseph shoots a sling bullet.
The sling bullet hits you.
You die...
Your body crumbles into a pile of gold.

## #.# ### #.# #.!... ..#
#.# #.##.# #.# #.# #.##.#
#.# #.# #.##.# #.# #.####
##.##.# #.# #.##.## #
####...#.###.###.#...####
+.......................'
####...#@######......####
##.##.# #......## # .[.
####.# ##...### :@. #$#
##.## #'# #.# #.# #.#
####### #.# #.# #.#
#.....###@# #.# ##.##
#.###.!##.# #.#
##...###.........# #.#


You could see Joseph.

Vanquished Creatures
  Maggie (D:7)
  2 humans (D:7)
  Menkaure (D:4)
  2 orc warriors (D:6)
  2 ice beasts
  A sky beast (D:7)
  2 ogres
  A centaur (D:7)
  3 bullfrogs
  2 scorpions (D:6)
  3 wights (D:7)
  2 howler monkeys
  4 hounds
  4 orc priests
  2 iguanas
  A jelly (D:5)
  Jessica (D:3)
  3 orc wizards
  3 sleepcaps
  4 gnolls
  7 adders
  2 shadow imps (D:7)
  A white imp (D:7)
  An ufetubus (D:5)
  6 worms
  30 orcs
  14 ball pythons
  3 endoplasms
  5 giant cockroaches
  7 goblins
  4 hobgoblins
  6 jackals
  5 quokkas
  5 bats
  2 frilled lizards
  A kobold (D:3)
  3 rats
146 creatures vanquished.

Notes
Turn   | Place    | Note
-------+----------+-------------------------------------------
     0 | D:5      | Kurtz the Mummy Delver began the quest for the Orb.
     0 | D:5      | Reached XP level 1. HP: 18/18 MP: 1/1
    23 | D:5      | Noticed a hound
    42 | D:5      | Killed a hound
    43 | D:5      | Reached skill level 3 in Maces & Flails
    43 | D:5      | Reached XP level 2. HP: 8/24 MP: 2/2
    43 | D:5      | Reached XP level 3. HP: 9/29 MP: 3/3
   135 | D:5      | Found an opulent altar of Gozag.
   139 | D:5      | Became a worshipper of Gozag Ym Sagoz the Greedy
   186 | D:5      | Noticed Eustachio
   253 | D:4      | Found Ecokh's Jewellery Shoppe.
   354 | D:4      | Noticed Menkaure
   383 | D:4      | Found an ancient bone altar of Kikubaaqudgha.
   401 | D:4      | Noticed a centaur
   413 | D:3      | Found a hide-covered altar of Uskayaw.
   772 | D:1      | Found a faded altar of an unknown god.
   777 | D:1      | Got a lithographed book
  1356 | D:1      | Reached XP level 4. HP: 35/35 MP: 4/4
  1510 | D:2      | Found a hazy altar of Hepliaklqana.
  1718 | D:2      | Noticed Jessica
  2116 | D:2      | Reached skill level 4 in Maces & Flails
  2668 | D:3      | Reached XP level 5. HP: 41/41 MP: 5/5
  2764 | D:3      | Found a snail-covered altar of Cheibriados.
  3318 | D:3      | Found a shadowy altar of Dithmenos.
  3321 | D:3      | Found a sparkling altar of Nemelex Xobeh.
  3597 | D:3      | Killed Jessica
  3746 | D:4      | Reached skill level 1 in Armour
  3808 | D:4      | Reached XP level 6. HP: 44/47 MP: 6/6
  4064 | D:4      | Killed Menkaure
  4339 | D:5      | Reached XP level 7. HP: 52/53 MP: 7/7
  4696 | D:4      | Found a blossoming altar of Fedhas.
  4928 | D:5      | Reached skill level 5 in Maces & Flails
  5751 | D:6      | Reached skill level 6 in Maces & Flails
  5851 | D:6      | Reached XP level 8. HP: 50/60 MP: 8/8
  5873 | D:6      | Reached skill level 7 in Maces & Flails
  6073 | D:6      | Found an ornate altar of the Wu Jian Council.
  6136 | D:6      | Reached skill level 8 in Maces & Flails
  6722 | D:6      | Reached skill level 9 in Maces & Flails
  7239 | D:7      | Reached skill level 10 in Maces & Flails
  7350 | D:7      | Found an iron altar of Okawaru.
  7604 | D:7      | Reached XP level 9. HP: 65/65 MP: 9/9
  7620 | D:7      | Noticed Maggie
  7633 | D:7      | Killed Maggie
  7634 | D:7      | Reached skill level 11 in Maces & Flails
  7988 | D:7      | Reached skill level 12 in Maces & Flails
  8155 | D:7      | Found a staircase to the Ecumenical Temple.
  8176 | D:7      | Noticed Joseph
  8190 | D:7      | Reached skill level 1 in Axes
  8194 | Temple   | Found a transporter.
  8194 | Temple   | Found a transporter.
  8194 | Temple   | Found a transporter.
  8194 | Temple   | Found a transporter.
  8194 | Temple   | Entered the Ecumenical Temple
  8292 | D:7      | Shot with a sling bullet by Joseph

Illustrated notes

Levels and vault maps discovered:
D:1:      matt_arrival_refuge, layout_basic, shapermc_ecumenical_altar_rom_forum
D:2:      layout_basic, basic_altar, nicolae_wormholes, uniq_jessica
D:3:      layout_basic, lemuel_doored_altar, grunt_temple_overflow_open
D:4:      layout_basic, fedhas_altar_fruit_tree, mainiacjoe_overflow_24_doors,
          serial_shops, shop, serial_forest, infiniplex_forest_clump_diagonal,
          infiniplex_forest_corner_1, infiniplex_forest_clump_tiny,
          infiniplex_forest_lined_4_way, infiniplex_forest_clump_cross,
          uniq_menkaure
D:5:      layout_gridville, kennysheep_mini_moat, minmay_quadrilaterals,
          uniq_eustachio
D:6:      layout_basic, nzn_wu_jian_contemplation, kennysheep_generic_room_4
D:7:      layout_loops_corners, okawaru_humans,
          minmay_temple_entry_drinking_statues, uniq_joseph, uniq_maggie
Temple:   hellmonk_temple_divided_pantheon

Skill      XL: |  1  2  3  4  5  6  7  8  9 |
---------------+----------------------------+-----
Maces & Flails | 3 4 6 10 12 | 12.1
Armour         | 1 2 |  2.7
Dodging        | 2 3 |  3.2
Fighting       | 4 |  4.0
Axes           | 1 |  1.3
Stealth        | |  4.1

Action                     |  1- 3 |  4- 6 |  7- 9 || total
---------------------------+-------+-------+-------++-------
  Melee: Mace              |    92 |   160 |       ||   252
         Whip              |       |    94 |   369 ||   463
         Punch             |       |     2 |     5 ||     7
         War axe           |       |       |    11 ||    11
  Throw: Boomerang         |       |    13 |     5 ||    18
         Dart              |       |       |     2 ||     2
 Invoke: Potion Petition   |       |       |     2 ||     2
    Use: Scroll            |       |       |     2 ||     2
   Stab: Sleeping          |     4 |     7 |       ||    11
         Distracted        |       |     1 |     2 ||     3
         Invisible         |       |       |     1 ||     1
 Armour: Leather armour    |    39 |       |       ||    39
         Ring mail         |    14 |   102 |    58 ||   174
         Chain mail        |       |       |    35 ||    35
         Plate armour      |       |       |   119 ||   119
  Dodge: Dodged            |    66 |   196 |   185 ||   447

Table legend: (Time is in decaauts)
 A = Elapsed time spent in this place.
 B = Non-inter-level travel time spent in this place.
 C = Inter-level travel time spent in this place.
 D = Time resting spent in this place.
 E = Time spent auto-exploring this place.
 F = Levels seen in this place.
 G = Mean time per level.
                   A        B        C        D        E       F      G
               +--------+--------+--------+--------+--------+-----+--------+
         Total |   8221 |   7669 |    552 |   1855 |   3745 |   8 | 1027.6 |
       Dungeon |   8144 |   7592 |    552 |   1779 |   3745 |   7 | 1163.4 |
        Temple |     77 |     77 |      0 |     76 |      0 |   1 |   77.0 |
               +--------+--------+--------+--------+--------+-----+--------+

Top non-repeatable levels by time:
     D:6: 1397 daAuts
     D:2: 1349 daAuts
     D:5: 1202 daAuts
     D:7: 1201 daAuts
     D:4: 1176 daAuts
     D:3: 908 daAuts
     D:1: 908 daAuts
  Temple: 77 daAuts
